AoeStats
← 随之任之

African Clearing

511042348Analyzed
4v4 RM · 9h ago on Oct 3, 2026· 37m 39s· 8 players
Game mode
Random Map
Map size
Large (8 player)
Population
200
Speed
Normal
Resources
Standard
Victory
Conquest
Starting age
Dark Age
Ending age
Imperial Age
RankedLock teamsTeams togetherTeam positionsShared explorationLock speedFull tech treeHidden civsTurbo modeCheats
Victory
Defeat
🇨🇳 Magyars · China
1477
+17
🇨🇳 Huns · China
1447
+18
🇨🇳 Vietnamese · China
1444
+18
🇯🇵 Burmese · Japan
1434
+19
🇭🇰 Hindustanis · Hong Kong SAR China
1553
-19
🇭🇰 Mongols · Hong Kong SAR China
1495
-18
🇭🇰 Huns · Hong Kong SAR China
1482
-18
🇭🇰 Varangians · Hong Kong SAR China
1467
-17
桐原冬子
6:19 Loom
14:13 Feudal Age
18:15 Castle Age
17:42 Town Watch
19:52 Wheelbarrow
21:08 Fervor
24:52 Redemption
24:54 Padded Archer Armor
31:26 Imperial Age
30:11 Hand Cart
30:06 Town Patrol
30:10 Padded Archer Armor
30:47 Sanctity
31:40 Ballistics
31:58 Stone Mining
32:00 Gold Mining
32:53 Conscription
34:50 Husbandry
35:01 Bloodlines
35:45 Fletching
36:16 Town Patrol
36:24 Town Patrol
35:47 Elite Arambai
37:59 Scale Mail Armor
38:10 Forging
随之任之
5:57 Loom
12:28 Feudal Age
14:38 Town Watch
15:13 Double-Bit Axe
18:36 Wheelbarrow
22:02 Scale Barding Armor
25:04 Castle Age
27:12 Husbandry
29:19 Double-Bit Axe
32:22 Fletching
33:35 Bow Saw
37:21 Masonry
Cusi Yupanqui
14:01 Feudal Age
12:38 Loom
14:31 Double-Bit Axe
14:29 Fishing Lines
17:31 Castle Age
16:45 Wheelbarrow
18:32 Bow Saw
21:10 Gillnets
25:19 Gold Mining
26:38 Hand Cart
27:41 Gold Shaft Mining
31:37 Imperial Age
29:05 Stone Mining
29:55 Town Watch
30:20 Scale Barding Armor
30:25 Forging
31:04 Marauders
31:36 Chain Barding Armor
31:50 Bloodlines
31:40 Husbandry
31:58 Elite Tarkan
33:27 Conscription
33:44 Plate Barding Armor
34:38 Iron Casting
37:06 Blast Furnace
李清然
8:19 Loom
11:28 Feudal Age
11:44 Man-at-Arms
13:14 Arson
13:22 Double-Bit Axe
22:56 Castle Age
20:58 Horse Collar
23:31 Fletching
23:02 Crossbowman
35:35 Bodkin Arrow
36:28 Town Watch
37:34 Wheelbarrow
牛油果
9:01 Loom
11:45 Feudal Age
15:35 Castle Age
14:28 Double-Bit Axe
16:57 Bow Saw
17:54 Horse Collar
21:31 Wheelbarrow
26:24 Hand Cart
27:25 Heavy Plow
28:52 Gold Mining
28:53 Stone Mining
32:22 Imperial Age
30:13 Scale Barding Armor
30:39 Forging
30:57 Bloodlines
31:44 Husbandry
33:29 Chain Barding Armor
32:33 Heavy Camel Rider
34:32 Iron Casting
35:14 Plate Barding Armor
馬仔
3:15 Loom
13:04 Feudal Age
23:43 Fletching
29:15 Castle Age
27:41 Double-Bit Axe
29:26 Stone Mining
30:45 Wheelbarrow
36:45 Squires
37:37 Scale Mail Armor
局長
3:18 Loom
12:36 Feudal Age
15:06 Scale Barding Armor
22:02 Fletching
23:50 Scale Mail Armor
27:27 Forging
33:35 Castle Age
evi
3:37 Loom
13:38 Feudal Age
18:31 Castle Age
18:28 Double-Bit Axe
18:33 Fletching
20:05 Bow Saw
24:36 Bodkin Arrow
25:56 Gold Mining
27:39 Ballistics
28:55 Wheelbarrow
35:20 Imperial Age
33:11 Pikeman
33:52 Scale Mail Armor
Connection lost

Rejoining the realm…

Still unreachable

The connection could not be restored.

Session expired

The server has moved on; the page needs a fresh start.